 Dungeon Crawl Stone Soup version 0.24-a0-537-g2d01d4ab0a (webtiles) character file.

Game seed: 7843576956774779352

504 Gargoyl the Skirmisher (level 6, -6/52 HPs)
             Began as a Centaur Abyssal Knight on Aug 12, 2019.
             Was a Believer of Lugonu.
             Mangled by an orc warrior
             ... wielding a +0 hand axe
              (8 damage)
             ... on level 3 of the Dungeon on Aug 13, 2019.
             The game lasted 00:07:01 (3436 turns).

Gargoyl the Skirmisher (Centaur Abyssal Knight)     Turns: 3436, Time: 00:07:01

Health: -6/52      AC:  9    Str: 18    XL:     6   Next: 96%
Magic:  8/8        EV:  9    Int: 11    God:    Lugonu [**....]
Gold:   151        SH:  0    Dex: 13    Spells: 5/5 levels left

rFire    . . .     SeeInvis .   a - +2 hand axe
rCold    . . .     Gourm    .   (no shield)
rNeg     . . .     Faith    .   h - +1 ring mail
rPois    .         Spirit   .   q - +0 helmet
rElec    .         Reflect  .   r - +0 cloak
rCorr    .         Harm     .   (no gloves)
MR       .....                  (no barding)
Stlth    ..........             (no amulet)
HPRegen  0.17/turn              d - +4 ring of strength
MPRegen  0.11/turn              f - +2 ring of dexterity

@: very quick
A: large, hooves 3, deformed body, speed 2, tough skin 3
a: Depart the Abyss, Bend Space, Renounce Religion


You were on level 3 of the Dungeon.
You worshipped Lugonu.
Lugonu was pleased with you.
You were hungry.

You visited 1 branch of the dungeon, and saw 4 of its levels.
You visited the Abyss 1 time.

You collected 151 gold pieces.

Inventory:

Hand Weapons
 a - a +2 hand axe (weapon)
Armour
 h - a +1 ring mail (worn)
 q - a +0 helmet (worn)
 r - a +0 cloak (worn)
Jewellery
 d - a +4 ring of strength (left hand)
 f - a +2 ring of dexterity (right hand)
Scrolls
 b - 3 scrolls of teleportation
 e - a scroll of blinking
 j - a scroll of identify
 n - 2 scrolls of remove curse
Potions
 g - 2 potions of curing
 k - a potion of magic {unknown}
 m - a potion of ambrosia {unknown}
 p - 2 potions of might {unknown}
Comestibles
 c - 3 rations


   Skills:
 + Level 4.1 Fighting
 + Level 3.8 Axes
 * Level 3.2 Armour
 * Level 2.1 Dodging
 * Level 3.5 Invocations


You had 5 spell levels left.
You didn't know any spells.
Your spell library was empty.

Dungeon Overview and Level Annotations

Branches:
Dungeon (4/15)
 Temple: D:4-7

Altars:
Gozag
Hepliaklqana
Makhleb
Qazlal
Ru
Uskayaw
Vehumet
Zin


Innate Abilities, Weirdness & Mutations

You have hooves in place of feet.
Armour fits poorly on your strangely shaped body.
You cover ground very quickly.
You have extremely tough skin. (AC +3)


Message History

The orc warrior is severely wounded.
The orc warrior hits you with a +0 hand axe!
You barely miss the orc warrior.
The orc warrior is severely wounded.
The orc warrior hits you with a +0 hand axe.
You closely miss the orc warrior. You kick the orc warrior.
The orc warrior is severely wounded.
The orc warrior hits you with a +0 hand axe!
* * * LOW HITPOINT WARNING * * *
You hit the orc warrior but do no damage.
The orc warrior is severely wounded.
The orc warrior hits you but does no damage.
You barely miss the orc warrior. You kick the orc warrior.
The orc warrior is almost dead.
The orc warrior hits you with a +0 hand axe!
* * * LOW HITPOINT WARNING * * *
You hit the orc warrior.
The orc warrior is almost dead.
The orc warrior hits you with a +0 hand axe!
You die...

##.##############################
......# ##.##)##### ######### #
..........####....†..# ####
#..#...........#####.#### ##.##
#..#...##.###..##.......# ##...#
#..#...##.# #..##.##.##.####.....
.......##.# #..##.##.#...........
##.#.#.##.# #...@....##.######.##
.....#.##.# #.###o####### #.##
##.###.##.###.# #..>..# #.## #.#
#........# #####.# ##)## ##.#
####.##### ####.# ##...# #..#
####.# #.†..# ##.)).. ..####.##.#
#.#..# ##...... .####)..#.##
##.##.# #.......
.'.........######...######>......


You could see an orc warrior.

Vanquished Creatures
  Grinder (D:3)
  A bullfrog (D:3)
  2 scorpions (D:3)
  Robin (D:3)
  4 adders
  2 oozes (D:1)
  An adder skeleton (D:3)
  2 dart slugs
  2 leopard geckos
  4 orcs (D:3)
  3 ball pythons
  3 giant cockroaches
  18 goblins
  6 hobgoblins
  2 jackals (D:3)
  12 kobolds
  4 bats
  5 frilled lizards
  A leopard gecko skeleton (D:4)
  7 rats
81 creatures vanquished.

Notes
Turn   | Place    | Note
-------+----------+-------------------------------------------
     0 | Abyss:1  | Gargoyl the Centaur Abyssal Knight began the quest for the
                  | Orb.
     0 | Abyss:1  | Reached XP level 1. HP: 19/19 MP: 2/2
   115 | Abyss:3  | Noticed a neqoxec
   116 | D:1      | Escaped the Abyss
   295 | D:1      | Reached * piety under Lugonu
   426 | D:1      | Reached XP level 2. HP: 21/26 MP: 3/3
   742 | D:1      | Reached skill level 1 in Dodging
   855 | D:2      | Reached XP level 3. HP: 31/31 MP: 4/4
  1359 | D:2      | Reached XP level 4. HP: 32/38 MP: 5/5
  1491 | D:3      | Noticed Robin
  1494 | D:3      | Reached ** piety under Lugonu
  1501 | D:3      | Killed Robin
  1754 | D:3      | Noticed Grinder
  1763 | D:3      | Paralysed by Grinder for 2 turns
  1769 | D:3      | Paralysed by Grinder for 7 turns
  1794 | D:3      | Killed Grinder
  1794 | D:3      | Reached XP level 5. HP: 15/46 MP: 5/7
  1794 | D:3      | Reached XP level 6. HP: 17/52 MP: 5/8
  2326 | D:3      | Found a faded altar of an unknown god.
  2437 | D:3      | Reached skill level 4 in Fighting
  2450 | D:3      | Found an opulent altar of Gozag.
  2460 | D:3      | Found a burning altar of Makhleb.
  2467 | D:3      | Found a radiant altar of Vehumet.
  2477 | D:3      | Found a hide-covered altar of Uskayaw.
  2484 | D:3      | Found a glowing silver altar of Zin.
  2491 | D:3      | Found a hazy altar of Hepliaklqana.
  2496 | D:3      | Found a stormy altar of Qazlal.
  3161 | D:3      | Found a sacrificial altar of Ru.
  3401 | D:4      | Noticed an orc warrior
  3435 | D:3      | HP: 2/52 [orc warrior/+0 hand axe (7)]
  3436 | D:3      | Mangled by an orc warrior

Levels and vault maps discovered:
D:1:      dpeg_arrival_more_subterranean_lakeside_camping, layout_loops_ring
D:2:      layout_loops_ring
D:3:      layout_loops_corners, nicolae_ru_the_path_less_chosen,
          grunt_temple_overflow_octagram, chequers_ecumenical_altar_lobes,
          minmay_divided_ellipse, uniq_grinder, uniq_robin
D:4:      layout_rooms, serial_shops, kennysheep_mini_moat, minmay_pentangle

Skill      XL: |  1  2  3  4  5  6 |
---------------+-------------------+-----
Axes           | 2 3 |  3.8
Dodging        | 1 2 |  2.1
Armour         | 2 3 |  3.2
Invocations    | 3 |  3.5
Fighting       | 4 |  4.1

Action                   |  1- 3 |  4- 6 || total
-------------------------+-------+-------++-------
Melee: Hand axe          |    86 |   113 ||   199
       Kick              |    13 |    24 ||    37
Invok: Depart the Abyss  |     1 |       ||     1
  Use: Scroll            |     6 |     7 ||    13
       Potion            |       |     6 ||     6
  Eat: Chunk             |       |     5 ||     5
Armor: Ring mail         |    23 |    40 ||    63
       Leather armour    |     3 |       ||     3
       Skin              |       |    25 ||    25
Dodge: Dodged            |    37 |    65 ||   102

Table legend:
 A = Non-vault XP
 B = Vault XP
 C = Vault XP percentage of total XP
 D = Non-vault monster count
 E = Vault monster count
 F = Vault count percentage of total count
                 A         B        C        D         E       F
            +---------+---------+-------+---------+---------+-------
      Total |     200 |     521 |  72.3 |      54 |      27 |  33.3
            +---------+---------+-------+---------+---------+-------
        D:1 |      38 |       0 |   0.0 |      16 |       0 |   0.0
        D:2 |      59 |       0 |   0.0 |      21 |       0 |   0.0
        D:3 |     102 |     521 |  83.6 |      16 |      27 |  62.8
        D:4 |       1 |       0 |   0.0 |       1 |       0 |   0.0
            +---------+---------+-------+---------+---------+-------
